 Dungeon Crawl Stone Soup version 0.20.1-1-g8b1a95d (webtiles) character file.

57 Ymberti the Firebug (level 3, -1/19 HPs)
             Began as a Deep Elf Fire Elementalist on Sept 18, 2017.
             Slain by an adder (5 damage)
             ... on level 2 of the Dungeon.
             The game lasted 00:05:58 (870 turns).

Ymberti the Firebug (Deep Elf Fire Elementalist)     Turns: 870, Time: 00:05:59

Health: -1/19      AC:  3    Str:  5    XL:     3   Next: 73%
Magic:  0/10       EV: 13    Int: 20    God:
Gold:   74         SH:  0    Dex: 15    Spells: 3/9 levels left

rFire    . . .     SeeInvis .   m - +1 dagger (venom)
rCold    . . .     Gourm    .   (no shield)
rNeg     . . .     Faith    .   e - +0 robe
rPois    .         Spirit   .   h - +0 helmet
rElec    .         Reflect  .   (no cloak)
rCorr    .         Harm     .   (no gloves)
MR       .....                  (no boots)
Stlth    ++........             (no amulet)
Regen    0.1/turn               n - ring of wizardry
MPRegen  0.2/turn               (no ring)

@: no status effects
A: no striking features
a: no special abilities


You were on level 2 of the Dungeon.
You were not hungry.

You visited 1 branch of the dungeon, and saw 2 of its levels.

You collected 74 gold pieces.

Inventory:

Hand Weapons
 m - a +1 dagger of venom (weapon)
Armour
 e - a +0 robe (worn)
 h - a +0 helmet (worn)
Jewellery
 n - a ring of wizardry (left hand)
Scrolls
 a - 2 scrolls of remove curse
 d - 2 scrolls of teleportation
 f - a scroll of enchant armour {unknown}
 j - a scroll of immolation {unknown}
Potions
 k - a potion of ambrosia
Books
 b - a book of Flames

   Spells                             Type                      Level
   a - Flame Tongue                   Conjuration/Fire             1
   b - Throw Flame                    Conjuration/Fire             2
   c - Conjure Flame                  Conjuration/Fire             3
   d - Inner Flame                    Hexes/Fire                   3
   e - Sticky Flame                   Conjuration/Fire             4
   f - Fireball                       Conjuration/Fire             5
Comestibles
 c - 2 bread rations
 i - a royal jelly
 l - a meat ration


   Skills:
 + Level 0.1 Fighting
 + Level 2.8 Dodging
 + Level 2.6 Stealth
 + Level 3.7 Spellcasting
 + Level 1.5 Conjurations
 + Level 4.3 Fire Magic


You had 3 spell levels left.
You knew the following spells:

 Your Spells              Type           Power        Failure   Level  Hunger
a - Flame Tongue          Conj/Fire      ###..        1%          1    None
b - Throw Flame           Conj/Fire      ###...       2%          2    ##.....
c - Conjure Flame         Conj/Fire      ###.....     4%          3    ###....


Dungeon Overview and Level Annotations

Branches:
Dungeon (2/15)

Altars:
Zin


Message History

Casting: Flame Tongue
Confirm with . or Enter, or press ? or * to list all spells.
Aiming: Flame Tongue
Press: ? - help, Shift-Dir - straight line, f/p - adder
Aim: an adder (severely wounded)
The flame tongue hits the adder.
The adder is almost dead.
The adder barely misses you. x2
The adder bites you.
* * * LOW HITPOINT WARNING * * *
The adder closely misses you.
Casting: Flame Tongue
Confirm with . or Enter, or press ? or * to list all spells.
Aiming: Flame Tongue
Press: ? - help, Shift-Dir - straight line, f/p - adder
Aim: an adder (almost dead)
The flame tongue hits the adder.
The adder is almost dead.
The adder bites you.
You die...

##!....#..#####.#.#.#
##$....#............#
.#....l#.#######....#
.##...##...........##
#.#####.......####.####
........).....#.......#
#####.....)...#....##.#
.#
#.......r.#K....#.##.#
#......g.g.S@._.....<#
....
###########.#.....#..#
..... #.##....#.>#
#..... #.......#..#
#..>..
####.####.####.....
#...........)...
#.#####.........
#..........†.###
#######.........


You could see an adder, a hobgoblin, a goblin, a kobold and a rat.

Vanquished Creatures
  An adder (D:2)
  A worm (D:2)
  A dart slug (D:1)
  A leopard gecko (D:1)
  3 bats (D:1)
  5 goblins
  11 hobgoblins
  6 kobolds
  4 frilled lizards
  7 rats
40 creatures vanquished.

Notes
Turn   | Place    | Note
-------+----------+-------------------------------------------
     0 | D:1      | Ymberti the Deep Elf Fire Elementalist began the quest for the Orb.
     0 | D:1      | Reached XP level 1. HP: 10/10 MP: 6/6
    75 | D:1      | Reached XP level 2. HP: 9/15 MP: 2/8
   297 | D:1      | Reached skill level 4 in Fire Magic
   379 | D:1      | Reached XP level 3. HP: 14/19 MP: 7/9
   383 | D:1      | Learned a level 2 spell: Throw Flame
   387 | D:1      | Learned a level 3 spell: Conjure Flame
   726 | D:2      | Found a glowing silver altar of Zin.
   870 | D:2      | Slain by an adder

Skill      XL: |  1  2 |
---------------+-------+-----
Fire Magic     | 4 |  4.3
Fighting       | |  0.1
Dodging        | |  2.8
Stealth        | |  2.6
Spellcasting   | |  3.7
Conjurations   | |  1.5

Action                   || total
-------------------------++-------
Melee: Dagger            ||    17
 Cast: Flame Tongue      ||    56
       Throw Flame       ||     6
  Use: Scroll            ||     5
 Stab: Sleeping          ||     4
Armor: Robe              ||     5
Dodge: Dodged            ||    38
